[Event "GambitGuide"]
[Site "Internet Chess Club"]
[Date "2014.10.31"]
[Round "1"]
[White "JSBach"]
[Black "graccus"]
[Result "0-1"]
[ICCResult "White checkmated"]
[WhiteElo "1599"]
[BlackElo "1364"]
[Opening "Vienna: `Frankenstein-Dracula' variation"]
[ECO "C27"]
[NIC "VG.02"]
[Time "21:54:01"]
[TimeControl "120+12"]

1. e4 e5 2. Nc3 Nf6 3. Bc4 Nxe4 4. Qh5 Nd6 5. Bb3 Nc6 6. Nb5 g6 7. Qf3 f5 8.
Qd5 Qe7 9. Nxc7+ Kd8 10. Nxa8 b6 11. d3 Bb7 12. Nxb6 axb6 13. Qf3 Nd4 14.
Qg3 f4 15. Qg4 Qf6 16. Ba4 Bc6 17. Bb3 h5 18. Qh3 g5 19. f3 g4 20. fxg4 hxg4
21. Qxg4 Rh6 22. Nf3 Rg6 23. Qh3 Rh6 24. Qg4 Rg6 25. Qh3 Rh6 26. Qg4 Rg6 27.
Qh3 Rh6 28. Qg4 Rg6 29. Qh3 Nxf3+ 30. gxf3 Qg5 31. Qh8 Bxf3 32. Qxf8+ Kc7
33. Rf1 Qg2 34. Rf2 Qh1+ 35. Rf1 Rg1 36. Kd2 Rxf1 37. Bg8 Rd1+ 38. Kc3 Qe1+
39. Kb3 Rxc1 40. Rxc1 Qxc1 41. Qg7 Bd1 42. Qg2 f3 43. Qf2 Qxc2+ 44. Qxc2+
Bxc2+ 45. Kxc2 f2 46. Bd5 f1=Q 47. a3 Qe2+ 48. Kc3 e4 49. dxe4 Nxe4+ 50.
Bxe4 Qxe4 51. Kd2 Kd6 52. h3 Kc5 53. Kc3 Qe3+ 54. Kc2 Kc4 55. a4 Qd3+ 56.
Kc1 Kb3 57. h4 Qc2# {White checkmated} 0-1

[Event "GambitGuide"]
[Site "Internet Chess Club"]
[Date "2014.10.31"]
[Round "1"]
[White "JSBach"]
[Black "luckypawns"]
[Result "0-1"]
[ICCResult "White checkmated"]
[WhiteElo "1599"]
[BlackElo "1817"]
[Opening "Vienna: `Frankenstein-Dracula' variation"]
[ECO "C27"]
[NIC "VG.02"]
[Time "21:58:45"]
[TimeControl "120+12"]

1. e4 e5 2. Nc3 Nf6 3. Bc4 Nxe4 4. Qh5 Nd6 5. Bb3 Nc6 6. Nb5 g6 7. Qf3 f5 8.
Qd5 Qe7 9. Nxc7+ Kd8 10. Nxa8 b6 11. d3 Bb7 12. Nxb6 axb6 13. Qf3 Nd4 14.
Qg3 Bg7 15. Bg5 Bf6 16. Bxf6 Qxf6 17. Ba4 b5 18. Bb3 h5 19. Qh3 g5 20. c3 f4
21. cxd4 g4 22. Rc1 gxh3 23. Nxh3 Bxg2 24. Rf1 Bxh3 25. Rg1 Re8 26. d5 e4
27. dxe4 Rxe4+ 28. Kd1 Bg4+ 29. Kc2 Re2+ 30. Kd3 Qxb2 31. Bc2 Bf5+ 32. Kxe2
Bxc2 33. Kf3 Be4+ 34. Kxf4 Qxa2 35. Rg8+ Ke7 36. Ke3 Qa3+ 37. Kd2 Nc4+ 38.
Rxc4 bxc4 39. Rg7+ Kd8 40. Rg8+ Kc7 41. Rg3 Qc5 42. Kc3 Qxd5 43. Re3 Bd3 44.
Rh3 Qe5+ 45. Kb4 Qe7+ 46. Ka4 Bc2+ 47. Kb5 d5 48. Rc3 Bd3 49. f4 Qg7 50. Kb4
d4 51. Rxc4+ Bxc4 52. Kxc4 Qf6 53. f5 Qxf5 54. Kxd4 Qh3 55. Kc5 Qxh2 56. Kd4
Qd6+ 57. Ke4 Qg3 58. Kd4 h4 59. Ke4 h3 60. Kd5 h2 61. Kc5 h1=Q 62. Kb4 Qd6+
63. Kc4 Qhc6+ 64. Kb3 Qb5+ 65. Kc2 Qdd3+ 66. Kc1 Qbb1# {White checkmated}
0-1

[Event "GambitGuide"]
[Site "Internet Chess Club"]
[Date "2014.10.31"]
[Round "1"]
[White "JSBach"]
[Black "SlippinAway"]
[Result "1-0"]
[ICCResult "Black resigns"]
[WhiteElo "1599"]
[BlackElo "2064"]
[Opening "Vienna: `Frankenstein-Dracula' variation"]
[ECO "C27"]
[NIC "VG.02"]
[Time "22:00:14"]
[TimeControl "120+12"]

1. e4 e5 2. Nc3 Nf6 3. Bc4 Nxe4 4. Qh5 Nd6 5. Bb3 Nc6 6. Nb5 g6 7. Qf3 f5 8.
Qd5 Qe7 9. Nxc7+ Kd8 10. Nxa8 b6 11. d3 Bg7 12. h4 h6 13. Ba4 Bb7 14. Nxb6
axb6 15. Qb3 Kc7 16. Ne2 Nd4 17. Qc3+ Kb8 18. Qb4 Nc8 19. Qxe7 Nxe7 20. Nxd4
exd4 21. f3 Nd5 22. Bxd7 f4 23. Bd2 Ne3 24. Kf2 Rd8 25. Be6 Rd6 26. Bb3 Rd7
27. Ba4 Re7 28. Bb4 Rf7 29. Bd6+ Kc8 30. Bb3 Rf6 31. Be5 {Black resigns} 1-0

[Event "GambitGuide"]
[Site "Internet Chess Club"]
[Date "2014.10.31"]
[Round "1"]
[White "JSBach"]
[Black "achessman"]
[Result "0-1"]
[ICCResult "White checkmated"]
[WhiteElo "1599"]
[BlackElo "1714"]
[Opening "Vienna: `Frankenstein-Dracula' variation"]
[ECO "C27"]
[NIC "VG.02"]
[Time "21:58:05"]
[TimeControl "120+12"]

1. e4 e5 2. Nc3 Nf6 3. Bc4 Nxe4 4. Qh5 Nd6 5. Bb3 Nc6 6. Nb5 g6 7. Qf3 f5 8.
Qd5 Qe7 9. Nxc7+ Kd8 10. Nxa8 b6 11. d3 Nb4 12. Bg5 Nxd5 13. Bxe7+ Nxe7 14.
d4 exd4 15. Rd1 Bg7 16. g4 Bb7 17. f3 fxg4 18. Nxb6 axb6 19. Rd3 Rf8 20. Kf2
g5 21. a3 gxf3 22. Nh3 h6 23. Re1 Nef5 24. Kg1 Ne3 25. Rd2 Ndf5 26. Ba4 g4
27. Nf2 h5 28. Bb5 Nd6 29. Ba4 Ndc4 30. Rxe3 dxe3 31. Rxd7+ Kc8 32. Rxg7
exf2+ 33. Kxf2 Nxb2 34. Bd7+ Kb8 35. h3 Nd1+ 36. Kf1 Ne3+ 37. Kf2 Nf5 38.
Bxf5 Rxf5 39. Rg8+ Ka7 40. hxg4 hxg4 41. Rxg4 Rc5 42. Ra4+ Kb8 43. c4 Re5
44. Kg3 Re2 45. Rb4 f2 46. Rb1 Re1 47. Kxf2 Rxb1 48. a4 Rb4 49. c5 bxc5 50.
Ke3 Rd4 51. a5 Rd5 52. a6 Bxa6 53. Kf3 Bb7 54. Ke3 c4 55. Kf3 c3 56. Ke2 c2
57. Ke3 c1=Q+ 58. Ke4 Qc4+ 59. Ke3 Rd3+ 60. Ke2 Qc2+ 61. Ke1 Rd1#
{White checkmated}
0-1

[Event "GambitGuide"]
[Site "Internet Chess Club"]
[Date "2014.10.31"]
[Round "1"]
[White "JSBach"]
[Black "GADANHATIME"]
[Result "1-0"]
[ICCResult "Black resigns"]
[WhiteElo "1599"]
[BlackElo "1842"]
[Opening "Vienna: `Frankenstein-Dracula' variation"]
[ECO "C27"]
[NIC "VG.02"]
[Time "21:54:11"]
[TimeControl "120+12"]

1. e4 e5 2. Nc3 Nf6 3. Bc4 Nxe4 4. Qh5 Nd6 5. Bb3 Nc6 6. Nb5 g6 7. Qf3 f5 8.
Qd5 Qe7 9. Nxc7+ Kd8 10. Nxa8 b6 11. d3 Bb7 12. Nxb6 axb6 13. Qf3 Nd4 14.
Qg3 f4 15. Qg4 Bg7 16. Ba4 b5 17. Bb3 N6f5 18. Bd2 Qf6 19. c4 h5 20. Qh3 g5
21. cxb5 g4 22. Ba5+ Ke7 23. Bb4+ d6 24. Rc1 gxh3 25. Rc7+ Kd8 26. Rxb7 hxg2
27. Ba5+ Ke8 28. Rb8+ Ke7 29. Rb7+ Kf8 30. Rb8+ Ke7 31. Rb7+ Ke8 32. Rb8+
Kd7 33. Rb7+ Kc8 34. Bd5 Qd8 35. Bxd8 Kxd8 36. Bxg2 Rh6 37. b6 Rg6 38. Be4
Rg5 39. Rc7 Ne7 40. Nf3 Nxf3+ 41. Bxf3 Nf5 42. h4 Rg6 43. Be4 {Black
resigns} 1-0

[Event "GambitGuide"]
[Site "Internet Chess Club"]
[Date "2014.10.31"]
[Round "1"]
[White "JSBach"]
[Black "hagaetoz"]
[Result "1-0"]
[ICCResult "Black resigns"]
[WhiteElo "1599"]
[BlackElo "1296"]
[Opening "Vienna: `Frankenstein-Dracula' variation"]
[ECO "C27"]
[NIC "VG.02"]
[Time "22:00:24"]
[TimeControl "120+12"]

1. e4 e5 2. Nc3 Nf6 3. Bc4 Nxe4 4. Qh5 Nd6 5. Bb3 Nc6 6. Nb5 g6 7. Qf3 f5 8.
Qd5 Qe7 9. Nxc7+ Kd8 10. Nxa8 b6 11. d3 Nd4 12. f4 Bb7 13. Qxe5 Qxe5+ 14.
fxe5 Nf7 15. Kf2 Nxe5 16. Bg5+ Be7 17. Bxe7+ Kxe7 18. Nc7 Rc8 19. Re1 d6 20.
Nd5+ Bxd5 21. Bxd5 Nxc2 22. Re2 Nd4 23. Re1 Rc2+ 24. Ke3 Ne6 25. d4 Ng4+ 26.
Kd3 Rxg2 27. Rxe6+ Kd7 28. Re2 {Black resigns} 1-0

[Event "GambitGuide"]
[Site "Internet Chess Club"]
[Date "2014.10.31"]
[Round "1"]
[White "JSBach"]
[Black "Heian"]
[Result "0-1"]
[ICCResult "White checkmated"]
[WhiteElo "1599"]
[BlackElo "1552"]
[Opening "Vienna: `Frankenstein-Dracula' variation"]
[ECO "C27"]
[NIC "VG.02"]
[Time "22:02:16"]
[TimeControl "120+12"]

1. e4 e5 2. Nc3 Nf6 3. Bc4 Nxe4 4. Qh5 Nd6 5. Bb3 Nc6 6. Nb5 g6 7. Qf3 f5 8.
Qd5 Qe7 9. Nxc7+ Kd8 10. Nxa8 b6 11. d3 Bb7 12. Nxb6 axb6 13. Qf3 Nd4 14.
Qg3 f4 15. Qg4 Qf6 16. Ba4 b5 17. Bb3 h5 18. Qh3 g5 19. Bd2 g4 20. Ba5+ Kc8
21. c3 gxh3 22. cxd4 hxg2 23. Bd5 Bxd5 24. Rc1+ Bc6 25. Bd8 Kxd8 26. Rxc6
dxc6 27. Kd2 gxh1=Q 28. Ne2 f3 29. Nc3 Qg2 30. dxe5 Qxf2+ 31. Kd1 Qxe5 32.
Kc1 Qee1+ 33. Nd1 Qfd2+ 34. Kb1 Qexd1# {White checkmated} 0-1

[Event "GambitGuide"]
[Site "Internet Chess Club"]
[Date "2014.10.31"]
[Round "1"]
[White "JSBach"]
[Black "SlippinAway"]
[Result "0-1"]
[ICCResult "White checkmated"]
[WhiteElo "1599"]
[BlackElo "2064"]
[Opening "Vienna: `Frankenstein-Dracula' variation"]
[ECO "C27"]
[NIC "VG.02"]
[Time "22:01:51"]
[TimeControl "120+12"]

1. e4 e5 2. Nc3 Nf6 3. Bc4 Nxe4 4. Qh5 Nd6 5. Bb3 Nc6 6. Nb5 g6 7. Qf3 f5 8.
Qd5 Qe7 9. Nxc7+ Kd8 10. Nxa8 b6 11. d3 Bg7 12. Nh3 Re8 13. Bg5 Bf6 14. O-O
Bb7 15. Nxb6 axb6 16. Bxf6 Qxf6 17. Ng5 h6 18. Nf7+ Nxf7 19. Qxf7 Qg5 20.
Rae1 Nd4 21. Bd5 Nf3+ 22. Bxf3 Bxf3 23. g3 e4 24. a3 Qh5 25. d4 Qh3 26. Qf6+
Kc8 27. Qd8+ Kxd8 28. a4 Qg2# {White checkmated} 0-1

[Event "GambitGuide"]
[Site "Internet Chess Club"]
[Date "2014.10.31"]
[Round "1"]
[White "JSBach"]
[Black "Svinotigr"]
[Result "1-0"]
[ICCResult "Black resigns"]
[WhiteElo "1599"]
[BlackElo "1757"]
[Opening "Vienna: `Frankenstein-Dracula' variation"]
[ECO "C27"]
[NIC "VG.02"]
[Time "21:59:05"]
[TimeControl "120+12"]

1. e4 e5 2. Nc3 Nf6 3. Bc4 Nxe4 4. Qh5 Nd6 5. Bb3 Nc6 6. Nb5 g6 7. Qf3 f5 8.
Qd5 Qe7 9. Nxc7+ Kd8 10. Nxa8 b6 11. d3 Bb7 12. Nxb6 axb6 13. Qf3 Nd4 14.
Qg3 Bg7 15. Bg5 Bf6 16. Bxf6 Qxf6 17. Ba4 b5 18. Bb3 e4 19. dxe4 Nxe4 20.
Qb8+ Ke7 21. Qxb7 Qg5 22. Kf1 Nd2+ 23. Ke1 Re8 24. Nh3 Kf8+ 25. Kd1 Qh6 26.
Re1 Qh5+ 27. Kxd2 {Black resigns} 1-0

[Event "GambitGuide"]
[Site "Internet Chess Club"]
[Date "2014.10.31"]
[Round "1"]
[White "JSBach"]
[Black "Heian"]
[Result "0-1"]
[ICCResult "White checkmated"]
[WhiteElo "1621"]
[BlackElo "1552"]
[Opening "Vienna: `Frankenstein-Dracula' variation"]
[ECO "C27"]
[NIC "VG.02"]
[Time "22:03:11"]
[TimeControl "120+12"]

1. e4 e5 2. Nc3 Nf6 3. Bc4 Nxe4 4. Qh5 Nd6 5. Bb3 Nc6 6. Nb5 g6 7. Qf3 f5 8.
Qd5 Qe7 9. Nxc7+ Kd8 10. Nxa8 b6 11. d3 Bb7 12. Nxb6 axb6 13. Qf3 Nd4 14.
Qg3 f4 15. Qg4 Qf6 16. Ba4 b5 17. Bb3 h5 18. Qh3 g5 19. Bd2 g4 20. Ba5+ Kc8
21. c3 gxh3 22. cxd4 hxg2 23. Bd5 Bxd5 24. Rc1+ Bc6 25. Bd8 Kxd8 26. Rxc6
dxc6 27. Kd2 gxh1=Q 28. Ne2 f3 29. Ng3 Qg2 30. Ke1 h4 31. Nf1 Qf4 32. Ne3
Qg1+ 33. Kd2 Qxf2+ 34. Kd1 Q4xe3 35. dxe5 Qee1# {White checkmated} 0-1

[Event "GambitGuide"]
[Site "Internet Chess Club"]
[Date "2014.10.31"]
[Round "1"]
[White "JSBach"]
[Black "hqy"]
[Result "1-0"]
[ICCResult "Black checkmated"]
[WhiteElo "1621"]
[BlackElo "1329"]
[Opening "Vienna: `Frankenstein-Dracula' variation"]
[ECO "C27"]
[NIC "VG.02"]
[Time "22:00:00"]
[TimeControl "120+12"]

1. e4 e5 2. Nc3 Nf6 3. Bc4 Nxe4 4. Qh5 Nd6 5. Bb3 Nc6 6. Nb5 g6 7. Qf3 f5 8.
Qd5 Qe7 9. Nxc7+ Kd8 10. Nxa8 b6 11. d3 Bb7 12. Nxb6 axb6 13. Qf3 Nd4 14.
Qh3 e4 15. Be3 exd3 16. O-O-O Nxb3+ 17. cxb3 Bg7 18. Rxd3 Be4 19. Bxb6+ Ke8
20. Re3 Qe5 21. Re2 Qb5 22. Qe3 Qc6+ 23. Qc5 Qxc5+ 24. Bxc5 Nb7 25. b4 Nxc5
26. bxc5 Kf7 27. Nf3 Rc8 28. Ng5+ Kg8 29. Nxe4 fxe4 30. b4 d5 31. Kc2 Kf7
32. a4 Ke6 33. f3 Ke5 34. fxe4 dxe4 35. Rhe1 Ra8 36. Rxe4+ Kd5 37. a5 Kc6
38. Re7 Rb8 39. R1e6+ Kd5 40. Rd6+ Kc4 41. Rxg7 Rxb4 42. c6 Rb5 43. c7 Rc5
44. Rd8 Rxc7 45. Rxc7+ Kb4 46. Rb8+ Ka4 47. a6 Ka5 48. a7 Ka4 49. a8=Q#
{Black checkmated}
1-0

[Event "GambitGuide"]
[Site "Internet Chess Club"]
[Date "2014.10.31"]
[Round "1"]
[White "JSBach"]
[Black "luckypawns"]
[Result "0-1"]
[ICCResult "White checkmated"]
[WhiteElo "1621"]
[BlackElo "1817"]
[Opening "Vienna: `Frankenstein-Dracula' variation"]
[ECO "C27"]
[NIC "VG.02"]
[Time "22:01:02"]
[TimeControl "120+12"]

1. e4 e5 2. Nc3 Nf6 3. Bc4 Nxe4 4. Qh5 Nd6 5. Bb3 Nc6 6. Nb5 g6 7. Qf3 f5 8.
Qd5 Qe7 9. Nxc7+ Kd8 10. Nxa8 b6 11. d3 Bb7 12. Nxb6 axb6 13. Qf3 Nd4 14.
Qh3 Bg7 15. Be3 h5 16. Ne2 g5 17. c3 g4 18. Qg3 f4 19. Nxf4 exf4 20. Qxf4
Rf8 21. Qg3 N4f5 22. Qf4 Bh6 23. Qb4 Nxe3 24. Qxb6+ Kc8 25. Qc5+ Bc6 26.
fxe3 Bxe3 27. Qxh5 Bxg2 28. Bd5 Bg5+ 29. Kd1 Bxd5 30. Re1 Bf3+ 31. Kc2 Qg7
32. h4 gxh3 33. Qxh3 Bc6 34. Qg4 Rf2+ 35. Kb1 Bf6 36. Qb4 Nb5 37. a4 Bxc3
38. Re8+ Kc7 39. Rg8 Qxg8 40. Qxb5 Bxb5 41. axb5 Rxb2+ 42. Kc1 Qg5+ 43. Kd1
Qd2# {White checkmated} 0-1

[Event "GambitGuide"]
[Site "Internet Chess Club"]
[Date "2014.10.31"]
[Round "1"]
[White "JSBach"]
[Black "SlippinAway"]
[Result "0-1"]
[ICCResult "White checkmated"]
[WhiteElo "1621"]
[BlackElo "2064"]
[Opening "Vienna: `Frankenstein-Dracula' variation"]
[ECO "C27"]
[NIC "VG.02"]
[Time "22:03:44"]
[TimeControl "120+12"]

1. e4 e5 2. Nc3 Nf6 3. Bc4 Nxe4 4. Qh5 Nd6 5. Bb3 Nc6 6. Nb5 g6 7. Qf3 f5 8.
Qd5 Qe7 9. Nxc7+ Kd8 10. Nxa8 b6 11. d3 Bg7 12. Nh3 Re8 13. Bg5 Bf6 14. O-O
Bb7 15. Nxb6 axb6 16. Bxf6 Qxf6 17. Ng5 h6 18. Nf7+ Nxf7 19. Qxf7 Qg5 20.
Rae1 Nd4 21. Bd5 Nf3+ 22. Bxf3 Bxf3 23. g3 e4 24. a3 Qh5 25. Re3 Qh3 26.
Qf6+ Kc8 27. Rxf3 exf3 28. Qc3+ Kb7 29. Qc7+ Kxc7 30. d4 Qg2# {White
checkmated} 0-1

[Event "GambitGuide"]
[Site "Internet Chess Club"]
[Date "2014.10.31"]
[Round "1"]
[White "JSBach"]
[Black "Heian"]
[Result "0-1"]
[ICCResult "White checkmated"]
[WhiteElo "1621"]
[BlackElo "1552"]
[Opening "Vienna: `Frankenstein-Dracula' variation"]
[ECO "C27"]
[NIC "VG.02"]
[Time "22:04:05"]
[TimeControl "120+12"]

1. e4 e5 2. Nc3 Nf6 3. Bc4 Nxe4 4. Qh5 Nd6 5. Bb3 Nc6 6. Nb5 g6 7. Qf3 f5 8.
Qd5 Qe7 9. Nxc7+ Kd8 10. Nxa8 b6 11. d3 Bb7 12. Nxb6 axb6 13. Qf3 Nd4 14.
Qg3 f4 15. Qg4 Qf6 16. Ba4 b5 17. Bb3 h5 18. Qh3 g5 19. Bd2 g4 20. Ba5+ Kc8
21. c3 gxh3 22. cxd4 hxg2 23. Bd5 Bxd5 24. Rc1+ Bc6 25. Bd8 Kxd8 26. Rxc6
gxh1=Q 27. Rc5 Qxg1+ 28. Ke2 f3+ 29. Kd2 Qf4+ 30. Kc2 Qxf2+ 31. Kb3 Q4xd4
32. Rc2 Qxd3+ 33. Rc3 Qxc3+ 34. bxc3 Qc5 35. Kc2 f2 36. c4 f1=Q 37. a3
Qcxc4+ 38. Kd2 Qcd3# {White checkmated} 0-1

[Event "GambitGuide"]
[Site "Internet Chess Club"]
[Date "2014.10.31"]
[Round "1"]
[White "JSBach"]
[Black "graccus"]
[Result "1-0"]
[ICCResult "Black resigns"]
[WhiteElo "1621"]
[BlackElo "1364"]
[Opening "Vienna: `Frankenstein-Dracula' variation"]
[ECO "C27"]
[NIC "VG.02"]
[Time "22:00:44"]
[TimeControl "120+12"]

1. e4 e5 2. Nc3 Nf6 3. Bc4 Nxe4 4. Qh5 Nd6 5. Bb3 Nc6 6. Nb5 g6 7. Qf3 f5 8.
Qd5 Qe7 9. Nxc7+ Kd8 10. Nxa8 b6 11. d3 Bb7 12. Nxb6 axb6 13. Qf3 Nd4 14.
Qg3 f4 15. Qg4 Qf6 16. Ba4 Bc6 17. Bb3 h5 18. Qh3 g5 19. f3 g4 20. fxg4 hxg4
21. Qxg4 Rh6 22. Nf3 Nxf3+ 23. gxf3 Rg6 24. Qh5 Rg5 25. Qh3 Qg6 26. Kd1 Rg1+
27. Rxg1 Qxg1+ 28. Ke2 Nf5 29. Qxf5 Qg2+ 30. Ke1 Qg1+ 31. Kd2 Qf2+ 32. Kc3
Qc5+ 33. Kd2 Qf2+ 34. Kc3 Qc5+ 35. Kd2 Qf2+ 36. Kc3 Bb4+ 37. Kxb4 Qd4+ 38.
Bc4 Qc5+ 39. Kb3 Qa5 40. Qg5+ Kc7 41. a4 {Black resigns} 1-0

[Event "GambitGuide"]
[Site "Internet Chess Club"]
[Date "2014.10.31"]
[Round "1"]
[White "JSBach"]
[Black "luckypawns"]
[Result "0-1"]
[ICCResult "White checkmated"]
[WhiteElo "1621"]
[BlackElo "1817"]
[Opening "Vienna: `Frankenstein-Dracula' variation"]
[ECO "C27"]
[NIC "VG.02"]
[Time "22:04:49"]
[TimeControl "120+12"]

1. e4 e5 2. Nc3 Nf6 3. Bc4 Nxe4 4. Qh5 Nd6 5. Bb3 Nc6 6. Nb5 g6 7. Qf3 f5 8.
Qd5 Qe7 9. Nxc7+ Kd8 10. Nxa8 b6 11. d3 Bb7 12. Nxb6 axb6 13. Qf3 Nd4 14.
Qg3 Bg7 15. Bg5 Bf6 16. Bxf6 Qxf6 17. Ba4 b5 18. Bb3 h5 19. c3 g5 20. cxd4
f4 21. Qh3 g4 22. Rc1 gxh3 23. Nxh3 Bxg2 24. Rg1 Bxh3 25. d5 Re8 26. a4 e4
27. d4 Qxd4 28. Rc3 Bg4 29. a5 e3 30. fxe3 Rxe3+ 31. Kf1 Rxc3 32. Rxg4 hxg4
33. bxc3 Qxc3 34. Bd1 f3 35. a6 Ne4 36. d6 Qd3+ 37. Be2 Qxe2+ 38. Kg1 Qg2#
{White checkmated}
0-1

[Event "GambitGuide"]
[Site "Internet Chess Club"]
[Date "2014.10.31"]
[Round "1"]
[White "JSBach"]
[Black "Heian"]
[Result "0-1"]
[ICCResult "White checkmated"]
[WhiteElo "1621"]
[BlackElo "1552"]
[Opening "Vienna: `Frankenstein-Dracula' variation"]
[ECO "C27"]
[NIC "VG.02"]
[Time "22:04:58"]
[TimeControl "120+12"]

1. e4 e5 2. Nc3 Nf6 3. Bc4 Nxe4 4. Qh5 Nd6 5. Bb3 Nc6 6. Nb5 g6 7. Qf3 f5 8.
Qd5 Qe7 9. Nxc7+ Kd8 10. Nxa8 b6 11. d3 Bb7 12. Nxb6 axb6 13. Qf3 Nd4 14.
Qg3 f4 15. Qg4 Qf6 16. Ba4 b5 17. Bb3 h5 18. Qh3 g5 19. Bd2 g4 20. Ba5+ Kc8
21. c3 gxh3 22. cxd4 hxg2 23. Bd5 Bxd5 24. Rc1+ Bc6 25. Bd8 Kxd8 26. Rxc6
dxc6 27. Kd2 gxh1=Q 28. Ne2 f3 29. Nc3 Qf4+ 30. Kc2 Qg2 31. dxe5 Qxf2+ 32.
Kb1 Qxe5 33. Nd1 Qee1 34. a3 Qxd1+ 35. Ka2 Qdc2 36. d4 Qxb2# {White
checkmated} 0-1

[Event "GambitGuide"]
[Site "Internet Chess Club"]
[Date "2014.10.31"]
[Round "1"]
[White "JSBach"]
[Black "luckypawns"]
[Result "0-1"]
[ICCResult "White checkmated"]
[WhiteElo "1621"]
[BlackElo "1817"]
[Opening "Vienna: `Frankenstein-Dracula' variation"]
[ECO "C27"]
[NIC "VG.02"]
[Time "22:05:39"]
[TimeControl "120+12"]

1. e4 e5 2. Nc3 Nf6 3. Bc4 Nxe4 4. Qh5 Nd6 5. Bb3 Nc6 6. Nb5 g6 7. Qf3 f5 8.
Qd5 Qe7 9. Nxc7+ Kd8 10. Nxa8 b6 11. d3 Bb7 12. Nxb6 axb6 13. Qf3 Nd4 14.
Qg3 Bg7 15. Bg5 Bf6 16. Bxf6 Qxf6 17. Ba4 b5 18. Bb3 h5 19. Qh3 g5 20. c3 f4
21. cxd4 g4 22. Rc1 gxh3 23. Nxh3 Bxg2 24. Rg1 Bxh3 25. d5 Re8 26. Rc3 e4
27. d4 Bg4 28. Rh1 Qxd4 29. h3 Bf3 30. Rf1 Nc4 31. Rxc4 bxc4 32. Ba4 c3 33.
Rh1 Qd2+ 34. Kf1 c2 35. Bxc2 Qxc2 36. Kg1 Rg8+ 37. Kh2 Rg2# {White
checkmated} 0-1

[Event "GambitGuide"]
[Site "Internet Chess Club"]
[Date "2014.10.31"]
[Round "1"]
[White "JSBach"]
[Black "Heian"]
[Result "0-1"]
[ICCResult "White checkmated"]
[WhiteElo "1621"]
[BlackElo "1552"]
[Opening "Vienna: `Frankenstein-Dracula' variation"]
[ECO "C27"]
[NIC "VG.02"]
[Time "22:05:41"]
[TimeControl "120+12"]

1. e4 e5 2. Nc3 Nf6 3. Bc4 Nxe4 4. Qh5 Nd6 5. Bb3 Nc6 6. Nb5 g6 7. Qf3 f5 8.
Qd5 Qe7 9. Nxc7+ Kd8 10. Nxa8 b6 11. d3 Bb7 12. Nxb6 axb6 13. Qf3 Nd4 14.
Qg3 f4 15. Qg4 Qf6 16. Ba4 b5 17. Bb3 h5 18. Qh3 g5 19. Bd2 g4 20. Ba5+ Kc8
21. c3 gxh3 22. cxd4 hxg2 23. Bd5 Bxd5 24. Rc1+ Bc6 25. Bd8 Kxd8 26. Rxc6
dxc6 27. Kd2 gxh1=Q 28. Ne2 f3 29. Nc3 Qf4+ 30. Kc2 Qxd4 31. Kb3 Qg2 32. h3
Qgxf2 33. a3 Nc4 34. Nd1 Qxd3+ 35. Ka2 Qxd1 36. h4 Qxb2# {White checkmated}
0-1

[Event "GambitGuide"]
[Site "Internet Chess Club"]
[Date "2014.10.31"]
[Round "1"]
[White "JSBach"]
[Black "SlippinAway"]
[Result "1/2-1/2"]
[ICCResult "Game drawn by repetition"]
[WhiteElo "1621"]
[BlackElo "2064"]
[Opening "Vienna: `Frankenstein-Dracula' variation"]
[ECO "C27"]
[NIC "VG.02"]
[Time "22:05:30"]
[TimeControl "120+12"]

1. e4 e5 2. Nc3 Nf6 3. Bc4 Nxe4 4. Qh5 Nd6 5. Bb3 Nc6 6. Nb5 g6 7. Qf3 f5 8.
Qd5 Qe7 9. Nxc7+ Kd8 10. Nxa8 b6 11. d3 Bg7 12. Nh3 Re8 13. Bg5 Bf6 14. O-O
Bb7 15. Nxb6 axb6 16. Bxf6 Qxf6 17. Ng5 h6 18. Nf7+ Nxf7 19. Qxf7 Qg5 20.
Rfe1 Nd4 21. Bd5 Nf3+ 22. Bxf3 Bxf3 23. g3 e4 24. dxe4 fxe4 25. c4 Qh5 26.
Qf6+ Kc8 27. Qxb6 Qh3 28. Qa6+ Kd8 29. Qb6+ Ke7 30. Qc5+ Kf7 31. Qd5+ Kf8
32. Qd6+ Kg8 33. Qxg6+ Kf8 34. Qd6+ Kf7 35. Qd5+ Re6 36. Qxd7+ Kf6 37. Qd8+
Kf7 38. Qd7+ Kf6 39. Qd8+ Kf7 40. Qd7+ Kf6 41. Qd8+ Kf7 42. Qd7+
{Game drawn by repetition}
1/2-1/2

[Event "GambitGuide"]
[Site "Internet Chess Club"]
[Date "2014.10.31"]
[Round "1"]
[White "JSBach"]
[Black "Heian"]
[Result "1-0"]
[ICCResult "Black resigns"]
[WhiteElo "1621"]
[BlackElo "1552"]
[Opening "Vienna: `Frankenstein-Dracula' variation"]
[ECO "C27"]
[NIC "VG.02"]
[Time "22:06:33"]
[TimeControl "120+12"]

1. e4 e5 2. Nc3 Nf6 3. Bc4 Nxe4 4. Qh5 Nd6 5. Bb3 Nc6 6. Nb5 g6 7. Qf3 f5 8.
Qd5 Qe7 9. Nxc7+ Kd8 10. Nxa8 b6 11. d3 Bb7 12. Nxb6 axb6 13. Qf3 Nd4 14.
Qh3 h5 15. Be3 g5 16. Ne2 g4 17. Qg3 Nxb3 18. Bxb6+ Kc8 19. cxb3 Qf6 20.
Rc1+ Kb8 21. d4 f4 22. Qc3 Nb5 23. Bc7+ Ka8 24. Qa5+ Na7 25. Bxe5 Qa6 26.
Qd8+ Nc8 27. Bxh8 f3 28. gxf3 gxf3 29. Nc3 Qe6+ 30. Be5 Bd6 31. Qa5+ Kb8 32.
b4 Bxe5 33. Qxe5+ Qxe5+ 34. dxe5 {Black resigns} 1-0

[Event "GambitGuide"]
[Site "Internet Chess Club"]
[Date "2014.10.31"]
[Round "1"]
[White "JSBach"]
[Black "carro"]
[Result "1-0"]
[ICCResult "Black resigns"]
[WhiteElo "1621"]
[BlackElo "1161"]
[Opening "Vienna: `Frankenstein-Dracula' variation"]
[ECO "C27"]
[NIC "VG.02"]
[Time "22:07:24"]
[TimeControl "120+12"]

1. e4 e5 2. Nc3 Nf6 3. Bc4 Nxe4 4. Qh5 Nd6 5. Bb3 Nc6 6. Nb5 g6 7. Qf3 f5 8.
Qd5 Qe7 9. Nxc7+ Kd8 10. Nxa8 b6 11. d3 e4 12. dxe4 Nxe4 13. Be3 Qh4 14. Rd1
Bh6 15. g3 Nxg3 16. hxg3 Qxh1 17. Qxh1 Bxe3 18. Qxc6 {Black resigns} 1-0

[Event "GambitGuide"]
[Site "Internet Chess Club"]
[Date "2014.10.31"]
[Round "1"]
[White "JSBach"]
[Black "hagaetoz"]
[Result "0-1"]
[ICCResult "White checkmated"]
[WhiteElo "1621"]
[BlackElo "1296"]
[Opening "Vienna: `Frankenstein-Dracula' variation"]
[ECO "C27"]
[NIC "VG.02"]
[Time "22:02:50"]
[TimeControl "120+12"]

1. e4 e5 2. Nc3 Nf6 3. Bc4 Nxe4 4. Qh5 Nd6 5. Bb3 Nc6 6. Nb5 g6 7. Qf3 f5 8.
Qd5 Qe7 9. Nxc7+ Kd8 10. Nxa8 b6 11. d3 Nb4 12. Bg5 Nxd5 13. Bxe7+ Nxe7 14.
d4 exd4 15. Rd1 Bg7 16. g4 Bb7 17. f3 Bxa8 18. g5 Bd5 19. Bxd5 Nxd5 20. Ne2
Ne3 21. Rc1 Ng2+ 22. Kf2 Ne3 23. c3 Re8 24. Nxd4 Bxd4 25. cxd4 Nd5 26. Rhd1
f4 27. a4 Nf5 28. Rd2 Nfe3 29. Re2 Ne7 30. Rce1 N7f5 31. Rd2 d5 32. Rd3 Kd7
33. b3 Rc8 34. Re2 Rc1 35. Red2 Rf1+ 36. Ke2 Rh1 37. Kf2 Rxh2+ 38. Kg1 Rh3
39. Rh2 Rg3+ 40. Kf2 Rxg5 41. Rxh7+ Ne7 42. Ke1 Rg1+ 43. Kd2 Rg2+ 44. Ke1 g5
45. Rf7 Ke6 46. Rh7 Kf6 47. Rc3 N3f5 48. Kf1 Rd2 49. Rc7 Rxd4 50. Kg2 Rd2+
51. Kh3 Re2 52. Rxa7 Kg6 53. Rh8 Rf2 54. b4 Rxf3+ 55. Kg2 Rb3 56. b5 g4 57.
Rb8 f3+ 58. Kg1 g3 59. Rxb6+ Kg5 60. Rg6+ Kxg6 61. Ra6+ Kg5 62. Rg6+ Kxg6
63. Kf1 Rb1# {White checkmated} 0-1

[Event "GambitGuide"]
[Site "Internet Chess Club"]
[Date "2014.10.31"]
[Round "1"]
[White "JSBach"]
[Black "SlippinAway"]
[Result "1/2-1/2"]
[ICCResult "Game drawn by repetition"]
[WhiteElo "1621"]
[BlackElo "2064"]
[Opening "Vienna: `Frankenstein-Dracula' variation"]
[ECO "C27"]
[NIC "VG.02"]
[Time "22:06:58"]
[TimeControl "120+12"]

1. e4 e5 2. Nc3 Nf6 3. Bc4 Nxe4 4. Qh5 Nd6 5. Bb3 Nc6 6. Nb5 g6 7. Qf3 f5 8.
Qd5 Qe7 9. Nxc7+ Kd8 10. Nxa8 b6 11. d3 Bg7 12. h4 Re8 13. Bg5 Bf6 14. Nf3
Bb7 15. Nxb6 axb6 16. Bxf6 Qxf6 17. Ng5 h6 18. Nf7+ Nxf7 19. Qxf7 Qd6 20. h5
Nd4 21. hxg6 Nxb3 22. axb3 Qb4+ 23. Kf1 Qg4 24. f3 Bxf3 25. gxf3 Qxf3+ 26.
Kg1 Qg3+ 27. Kf1 Qf3+ 28. Kg1 Qg3+ 29. Kf1 Qf3+ 30. Kg1
{Game drawn by repetition}
1/2-1/2